cohdb
Replays
Latest Replays
All Replays
Popular Replays
Top Player Replays
Match Explorer
How It Works
Community
CoH3 Stats
Reddit
Sign in to upload your games and track your stats! →
Sign in with Steam
I refuse to use anything but australians, mate
Match 21439514
Overview
Messages
Build Orders
End
Construct Infanterie Kompanie
Grenadier Squad
Grenadier Squad
Selects Breakthrough Battlegroup
Selects Assault Grenadiers
MG 42 Machine Gun Team
Grenadier Squad
Construct Luftwaffe Kompanie
Support Elements
Jäger Squad
Wirbelwind Flakpanzer
Selects Breakthrough
Selects Mechanized Assault Group
Marder III M Tank Destroyer
Pioneer Squad
Medical Station
Selects Rapid Production
Selects Blitzkrieg
Construct Panzer Kompanie
MG 42 Machine Gun Team
Panzer IV Medium Tank
Sturmpanzer IV Brummbär
Blitzkrieg
nub
water
0
0
Comments
sign in to comment!
No comments posted yet!